AoeStats
← The Crusader

Arabian Desert

510569734Analyzed
1v1 RM · 22h ago on Oct 1, 2026· 24m 32s· 2 players
Game mode
Random Map
Map size
Tiny (2 player)
Population
200
Speed
Normal
Resources
Standard
Victory
Conquest
Starting age
Dark Age
Ending age
Imperial Age
RankedLock teamsTeams togetherTeam positionsShared explorationLock speedFull tech treeHidden civsTurbo modeCheats
Victory
Defeat
🇲🇽 Inca · Mexico
1783
+14
🇺🇸 Saracens · United States
1741
-14
The Crusader
5:55 Loom
8:57 Feudal Age
9:02 Man-at-Arms
15:35 Fletching
26:14 Castle Age
24:37 Padded Archer Armor
Chechito
6:10 Loom
9:21 Feudal Age
11:02 Champi Runner
17:48 Fletching
23:10 Castle Age
21:12 Double-Bit Axe
21:48 Scale Mail Armor
23:09 Gold Mining
23:15 Champi Warrior
24:07 Squires
Connection lost

Rejoining the realm…

Still unreachable

The connection could not be restored.

Session expired

The server has moved on; the page needs a fresh start.